 Dungeon Crawl Stone Soup version 0.17.1-2-g5865329 (webtiles) character file.

61 JustSomeDude the Insei (level 4, 0/42 HPs)
             Began as a Naga Monk on Jan 19, 2016.
             Slain by a giant gecko (2 damage)
             ... on level 2 of the Dungeon.
             The game lasted 00:03:01 (1753 turns).

JustSomeDude the Insei (Naga Monk)                  Turns: 1753, Time: 00:03:02

Health: 0/42       AC:  3    Str: 14    XL:     4   Next: 7%
Magic:  4/4        EV: 12    Int: 10    God:
Gold:   104        SH:  0    Dex: 24    Spells: 0 memorised, 3 levels left

rFire  . . .     SeeInvis +     k - -1 dagger (curse)
rCold  . . .     Clarity  .     a - +1 robe
rNeg   . . .     SustAt   .     (no shield)
rPois  +         Gourm    .     (no helmet)
rElec  .         Spirit   .     (no cloak)
rCorr  .         Warding  .     (no gloves)
rMut   .         Stasis   .     (no barding)
MR     .....                    (no amulet)
Stlth  +++.......               j - +4 ring of dexterity
                                e - +6 ring of dexterity

@: very slow, not resistant to hostile enchantments, fairly stealthy
A: see invisible, deformed body, poison resistance, slowness 2, slow metabolism
1, spit poison 2, AC +1
a: Spit Poison


You were on level 2 of the Dungeon.
You were not hungry.

You visited 1 branch of the dungeon, and saw 2 of its levels.

You collected 104 gold pieces.

Inventory:

Hand Weapons
 g - a +0 short sword
 k - a cursed -1 dagger (weapon)
Armour
 a - a +1 robe (worn)
Jewellery
 e - a +6 ring of dexterity (left hand)
 j - a +4 ring of dexterity (right hand)
Scrolls
 c - a scroll of enchant armour
 h - a scroll of enchant weapon {unknown}
Potions
 f - a potion of agility {unknown}
Comestibles
 b - a bread ration
 d - a beef jerky


   Skills:
 + Level 3.5 Fighting
 + Level 0.2 Short Blades
 + Level 3.0 Dodging
 * Level 4.1 Stealth
 + Level 4.2 Unarmed Combat


You had 3 spell levels left.
You didn't know any spells.

Dungeon Overview and Level Annotations

Branches:
Dungeon (2/15)

Altars:
Kikubaaqudgha
Okawaru


Innate Abilities, Weirdness & Mutations

You cannot wear boots.
Your serpentine skin is tough (AC +1).
You have supernaturally acute eyesight.
Armour fits poorly on your strangely shaped body.
Your system is resistant to poisons.
You cover ground very slowly.
You have a slow metabolism.
You can spit poison.


Message History

You barely miss the giant gecko. The giant gecko closely misses you.
The giant gecko bites you. x2
You hit the giant gecko but do no damage.
The giant gecko misses you. x2
You hit the giant gecko but do no damage.
The giant gecko bites you. x2
The adder bites you but does no damage. The giant gecko misses you.
You closely miss the giant gecko. The giant gecko barely misses you.
The adder bites you.
* * * LOW HITPOINT WARNING * * *
The giant gecko bites you.
* * * LOW HITPOINT WARNING * * *
The giant gecko barely misses you. The adder misses you.
The giant gecko misses you. The giant gecko closely misses you.
The giant gecko bites you.
* * * LOW HITPOINT WARNING * * *
The adder bites the bush but does no damage.
The giant gecko barely misses you. The giant gecko bites you.
You die...

# #....... #.# ###
##.#.#..... #.# #.. .
....P.... #.#.#.#
..#...P...####.#.#.# ....
♣)........#.#
#..♣♣♣.....P.###.#####
#..P♣PS..♣..P.........
#+##...Pll.♣.P.###.#####
.......@...♣♣♣.# #.#####
........#PP♣♣P.# #.....†
....######.....# #######
... ##P...### # ..
......# # .... ###
###..#.# #
#....##.#.####..#.#######
#......................#.
....#.#.####..#.####.#.


You could see an adder and 2 giant geckos.

Vanquished Creatures
  2 adders (D:2)
  A worm (D:2)
  A giant gecko (D:2)
  3 bats (D:1)
  4 giant cockroaches
  3 goblins
  3 hobgoblins
  4 quokkas (D:2)
  A ball python (D:1)
  4 giant newts
  3 jackals (D:1)
  5 kobolds
  5 rats
39 creatures vanquished.

Notes
Turn   | Place    | Note
--------------------------------------------------------------
     0 | D:1      | JustSomeDude the Naga Monk began the quest for the Orb.
     0 | D:1      | Reached XP level 1. HP: 21/21 MP: 1/1
   263 | D:1      | Reached XP level 2. HP: 21/28 MP: 2/2
   991 | D:2      | Reached XP level 3. HP: 4/34 MP: 3/3
  1530 | D:2      | Found an ancient bone altar of Kikubaaqudgha.
  1530 | D:2      | Found an iron altar of Okawaru.
  1721 | D:2      | Reached XP level 4. HP: 33/42 MP: 4/4
  1752 | D:2      | HP: 2/42 [giant gecko (4)]
  1753 | D:2      | Slain by a giant gecko

Action                   |  1- 3 |  4- 6 || total
-------------------------+-------+-------++-------
Melee: Unarmed           |    15 |       ||    15
       Dagger            |    63 |     9 ||    72
       Short sword       |    70 |       ||    70
  Use: Scroll            |     3 |       ||     3
       Potion            |     2 |       ||     2
 Stab: Sleeping          |    12 |       ||    12
  Eat: Chunk             |     2 |       ||     2
